AoeStats
← victordh91

Arena

507261346Analyzed
1v1 RM · 13d ago on Sep 17, 2026· 41m 6s· 2 players
Game mode
Random Map
Map size
Tiny (2 player)
Population
200
Speed
Normal
Resources
Standard
Victory
Conquest
Starting age
Dark Age
Ending age
Imperial Age
RankedLock teamsTeams togetherTeam positionsShared explorationLock speedFull tech treeHidden civsTurbo modeCheats
Victory
Defeat
🇳🇱 Franks · Netherlands
902
+14
🇨🇿 Portuguese · Czechia
853
-14
Don Salieri
12:05 Feudal Age
12:26 Horse Collar
12:31 Double-Bit Axe
18:07 Castle Age
19:03 Bow Saw
18:57 Heavy Plow
26:02 Imperial Age
29:57 Wheelbarrow
30:57 Two-Man Saw
30:12 Fletching
31:08 Murder Holes
33:11 Bodkin Arrow
34:59 Chemistry
37:34 Scale Mail Armor
37:45 Forging
37:35 Bracer
37:38 Padded Archer Armor
38:39 Pikeman
victordh91
10:02 Feudal Age
14:54 Castle Age
13:06 Double-Bit Axe
20:30 Wheelbarrow
21:26 Loom
26:57 Bow Saw
31:20 Imperial Age
29:47 Husbandry
31:32 Hand Cart
31:36 Cavalier
33:08 Conscription
36:21 Paladin
38:20 #83
37:21 Elite Throwing Axeman
38:49 Scale Barding Armor
38:55 Forging
38:35 Fletching
41:26 Ballistics
42:08 Chemistry
42:04 Chain Barding Armor
42:20 Iron Casting
Connection lost

Rejoining the realm…

Still unreachable

The connection could not be restored.

Session expired

The server has moved on; the page needs a fresh start.